 Dungeon Crawl Stone Soup version 0.25-a0-108-gda8bd6cf83 (console) character file.

Game seed: 7656584662197478687, levelgen mode: deterministic

332 Kagalorn the Caller (level 6, -3/44 HPs)
             Began as a Gnoll Summoner on Nov 18, 2019.
             Slain by a centaur (6 damage)
             ... on level 5 of the Dungeon.
             The game lasted 00:11:44 (3817 turns).

Kagalorn the Caller (Gnoll Summoner)                Turns: 3817, Time: 00:11:45

Health: -3/44      AC:  7    Str: 10    XL:     6   Next: 52%
Magic:  14/14      EV: 14    Int: 19    God:
Gold:   153        SH:  0    Dex: 16    Spells: 7/15 levels left

rFire    . . .     SeeInvis .   o - +0 halberd
rCold    . . .     Gourm    .   (shield currently unavailable)
rNeg     . . .     Faith    .   t - +3 leather armour
rPois    .         Spirit   .   (no helmet)
rElec    .         Reflect  .   w - +0 cloak
rCorr    .         Harm     .   (no gloves)
MR       .....                  (no boots)
Stlth    +++.......             (no amulet)
HPRegen  0.14/turn              (no ring)
MPRegen  0.14/turn              (no ring)

@: no status effects
A: distributed training, fangs 1, strong nose
a: no special abilities


You were on level 5 of the Dungeon.
You were not hungry.

You visited 1 branch of the dungeon, and saw 5 of its levels.

You collected 153 gold pieces.

Inventory:

Hand Weapons
 a - the +2 dagger of the Badger {flame, rF+ Str+2 Int+4, unknown}
   (You found it on level 4 of the Dungeon)

   It has been specially enchanted to burn those struck by it, causing extra
   injury to most foes and up to half again as much damage against particularly
   susceptible opponents.
   It affects your strength (+2).
   It affects your intelligence (+4).
   It protects you from fire.
 l - a +0 short sword
 m - a +0 quarterstaff
 o - a +0 halberd (weapon)
 r - a +2 spear of freezing
 s - a +0 dagger of venom
 u - a cursed +0 broad axe
 A - a +1 flail of holy wrath
Missiles
 b - 127 stones (quivered)
 e - 54 bolts
 k - 26 poisoned darts
 n - 47 arrows
 v - 21 sling bullets
Armour
 t - a +3 leather armour (worn)
 w - a +0 cloak (worn)
Wands
 B - a wand of acid (7)
Scrolls
 d - 5 scrolls of teleportation {unknown}
 f - 7 scrolls of identify {unknown}
 g - 2 scrolls of fog {unknown}
 i - 4 scrolls of remove curse {unknown}
 q - a scroll of random uselessness {unknown}
 y - 2 scrolls of immolation {unknown}
Potions
 h - 2 potions of might {unknown}
 j - a potion of curing {unknown}
 p - a potion of heal wounds {unknown}
 x - a potion of degeneration {unknown}
 z - a potion of lignification {unknown}
Comestibles
 c - 7 rations


   Skills:
 + Level 2.0 Fighting
 + Level 2.0 Short Blades
 + Level 2.0 Long Blades
 + Level 2.0 Axes
 + Level 2.0 Maces & Flails
 + Level 2.0 Polearms
 + Level 2.0 Staves
 + Level 2.0 Slings
 + Level 2.0 Bows
 + Level 2.0 Crossbows
 + Level 2.0 Throwing
 + Level 2.0 Armour
 + Level 5.0 Dodging
 + Level 4.6 Stealth
 + Level 2.0 Shields
 + Level 2.0 Unarmed Combat
 + Level 5.3 Spellcasting
 + Level 1.5 Conjurations
 + Level 1.5 Hexes
 + Level 1.5 Charms
 + Level 7.3 Summonings
 + Level 1.5 Necromancy
 + Level 1.5 Translocations
 + Level 1.5 Transmutations
 + Level 1.5 Fire Magic
 + Level 1.5 Ice Magic
 + Level 1.5 Air Magic
 + Level 1.5 Earth Magic
 + Level 1.5 Poison Magic
 + Level 2.1 Invocations
 + Level 2.0 Evocations


You had 7 spell levels left.
You knew the following spells:

 Your Spells              Type           Power        Failure   Level  Hunger
a - Call Canine Familiar  Summ           ####....     2%          3    ##.....
b - Summon Lightning Spi  Summ/Air       ###.....     26%         4    ####...
c - Summon Small Mammal   Summ           ####         1%          1    None

Your spell library contained the following spells:

 Spells                   Type           Power        Failure   Level  Hunger
 Call Imp                 Summ           ####....     1%          2    None
 Summon Guardian Golem    Hex/Summ       ###.....     8%          3    ##.....
 Summon Ice Beast         Ice/Summ       ###.....     26%         4    ####...


Dungeon Overview and Level Annotations

Branches:
Dungeon (5/15)
 Temple: D:4-7

Altars:
Cheibriados
Dithmenos
Gozag
Kikubaaqudgha
Nemelex Xobeh
Ru
Trog
Xom


Innate Abilities, Weirdness & Mutations

Your experience applies equally to all skills.
You have very sharp teeth.
Your uncanny sense of smell can sniff out nearby items.


Message History

* * * LOW HITPOINT WARNING * * *
You barely miss the worker ant. Something barely misses your wolf.
The worker ant closely misses you. Something barely misses your wolf.
You closely miss the worker ant. The worker ant misses you.
Something closely misses your wolf. The worker ant barely misses you.
Something hits your wolf.
Your wolf dies!
Your wolf's corpse disappears in a puff of smoke!
You barely miss the worker ant. The worker ant misses you.
The centaur closely misses you. The worker ant barely misses you.
You closely miss the worker ant. You bite the worker ant.
The worker ant is lightly wounded.
The centaur closely misses you. The worker ant closely misses you.
The centaur hits you.
* * * LOW HITPOINT WARNING * * *
You hit the centaur.
The centaur is moderately wounded.
The centaur closely misses you. The worker ant closely misses you.
The centaur hits you.
You die...

#.............#...##...
#.............+...#....
#.............#...#....
######........#...##...
#........#...##...
##'##....'...#....
♣.♣##...#...'....
♣♣c♣♣##..#...#....
♣@♣.♣♣##.#...##...
♣a###(♣♣###...#####
♣.## ##.♣♣ ##+###...
♣.##♣. ##c♣♣ .......
♣.##♣$c. ##(♣♣ #......
♣.# ♣...%.♣##)♣♣#......
... ...o.c.((...+.###..
♣♣ ♣.....♣##.♣♣#.. #..
#♣... #.♣♣##...#..


You could see a centaur and a worker ant.

Vanquished Creatures
  A jelly (D:5)
  An iguana (D:5)
  An orc wizard (D:3)
  A worker ant (D:4)
  3 gnolls
  2 adders
  An adder zombie (D:2)
  3 leopard geckos
  8 orcs
  3 ball pythons
  7 giant cockroaches
  3 goblins (D:1)
  A hobgoblin (D:3)
  2 jackals (D:3)
  6 kobolds
  A quokka (D:3)
  3 bats
  A frilled lizard (D:1)
  A quokka skeleton (D:4)
  8 rats
57 creatures vanquished.

Vanquished Creatures (collateral kills)
  A howler monkey (D:5)
  2 hounds
  An orc wizard (D:4)
  Ijyb (D:5)
  An adder (D:3)
  2 oozes
  2 leopard geckos
  4 orcs
  2 bats
  2 giant cockroaches
  2 goblins
  A hobgoblin (D:1)
  3 jackals (D:2)
  A quokka (D:4)
  4 frilled lizards
  2 kobolds (D:1)
31 creatures vanquished.

Grand Total: 88 creatures vanquished

Notes
Turn   | Place    | Note
-------+----------+-------------------------------------------
     0 | D:1      | Kagalorn the Gnoll Summoner began the quest for the Orb.
     0 | D:1      | Reached XP level 1. HP: 13/13 MP: 6/6
    80 | D:1      | Reached XP level 2. HP: 13/19 MP: 5/7
   916 | D:1      | Reached XP level 3. HP: 14/25 MP: 9/9
   921 | D:1      | Learned a level 3 spell: Call Canine Familiar
  1021 | D:2      | Reached skill level 5 in Spellcasting
  1482 | D:2      | Reached skill level 1 in Invocations
  2013 | D:3      | Found a faded altar of an unknown god.
  2123 | D:3      | Reached skill level 1 in Fighting
  2123 | D:3      | Reached skill level 1 in Short Blades
  2123 | D:3      | Reached skill level 1 in Long Blades
  2123 | D:3      | Reached skill level 1 in Axes
  2123 | D:3      | Reached skill level 1 in Maces & Flails
  2123 | D:3      | Reached skill level 1 in Polearms
  2123 | D:3      | Reached skill level 1 in Staves
  2123 | D:3      | Reached skill level 1 in Slings
  2123 | D:3      | Reached skill level 1 in Bows
  2123 | D:3      | Reached skill level 1 in Crossbows
  2123 | D:3      | Reached skill level 1 in Throwing
  2123 | D:3      | Reached skill level 1 in Armour
  2123 | D:3      | Reached skill level 1 in Shields
  2123 | D:3      | Reached skill level 1 in Unarmed Combat
  2123 | D:3      | Reached skill level 1 in Evocations
  2129 | D:3      | Reached XP level 4. HP: 24/32 MP: 11/11
  2157 | D:3      | Learned a level 4 spell: Summon Lightning Spire
  2394 | D:3      | Found a sacrificial altar of Ru.
  2406 | D:3      | Reached skill level 1 in Conjurations
  2406 | D:3      | Reached skill level 1 in Hexes
  2406 | D:3      | Reached skill level 1 in Charms
  2406 | D:3      | Reached skill level 1 in Necromancy
  2406 | D:3      | Reached skill level 1 in Translocations
  2406 | D:3      | Reached skill level 1 in Transmutations
  2406 | D:3      | Reached skill level 1 in Fire Magic
  2406 | D:3      | Reached skill level 1 in Ice Magic
  2406 | D:3      | Reached skill level 1 in Air Magic
  2406 | D:3      | Reached skill level 1 in Earth Magic
  2406 | D:3      | Reached skill level 1 in Poison Magic
  2662 | D:4      | Reached XP level 5. HP: 37/37 MP: 12/12
  2750 | D:4      | Got an ancient dagger
  2883 | D:4      | Found a bloodstained altar of Trog.
  2886 | D:4      | Found a shimmering altar of Xom.
  2887 | D:4      | Found a shadowy altar of Dithmenos.
  2888 | D:4      | Found a sparkling altar of Nemelex Xobeh.
  2888 | D:4      | Found an opulent altar of Gozag.
  2888 | D:4      | Found an ancient bone altar of Kikubaaqudgha.
  2888 | D:4      | Found a snail-covered altar of Cheibriados.
  3518 | D:5      | Entered Level 5 of the Dungeon
  3670 | D:5      | Reached XP level 6. HP: 44/44 MP: 13/13
  3710 | D:5      | Noticed Ijyb
  3721 | D:5      | Killed Ijyb
  3754 | D:5      | Reached skill level 5 in Dodging
  3779 | D:5      | Found a shadowy altar of Dithmenos.
  3816 | D:5      | HP: 2/44 [centaur (2)]
  3817 | D:5      | Slain by a centaur

Levels and vault maps discovered:
D:1:      shiori_arrival_maze, layout_basic, due_unseen_surprise
D:2:      layout_basic, serial_glass, glass_columns_a, glass_columns_a
D:3:      layout_loops_ring, nicolae_ru_great_annihilating_truth,
          chequers_ecumenical_altar_simple_redux
D:4:      layout_basic, grunt_temple_overflow_open, first_ration,
          minmay_misc_feat_hallway, saegor_snake_ambush
D:5:      layout_gridville, kennysheep_diamond, uniq_ijyb

Skill      XL: |  1  2  3  4  5  6 |
---------------+-------------------+-----
Spellcasting   | 5 |  5.3
Invocations    | 1 2 |  2.1
Fighting       | 1 2 |  2.0
Short Blades   | 1 2 |  2.0
Long Blades    | 1 2 |  2.0
Axes           | 1 2 |  2.0
Maces & Flails | 1 2 |  2.0
Polearms       | 1 2 |  2.0
Staves         | 1 2 |  2.0
Slings         | 1 2 |  2.0
Bows           | 1 2 |  2.0
Crossbows      | 1 2 |  2.0
Throwing       | 1 2 |  2.0
Armour         | 1 2 |  2.0
Shields        | 1 2 |  2.0
Unarmed Combat | 1 2 |  2.0
Evocations     | 1 2 |  2.0
Conjurations   | 1 |  1.5
Hexes          | 1 |  1.5
Charms         | 1 |  1.5
Necromancy     | 1 |  1.5
Translocations | 1 |  1.5
Transmutations | 1 |  1.5
Fire Magic     | 1 |  1.5
Ice Magic      | 1 |  1.5
Air Magic      | 1 |  1.5
Earth Magic    | 1 |  1.5
Poison Magic   | 1 |  1.5
Dodging        | 5 |  5.0
Stealth        | |  4.6
Summonings     | |  7.3

Action                   |  1- 3 |  4- 6 || total
-------------------------+-------+-------++-------
Melee: Unarmed           |    60 |       ||    60
       Bite              |    19 |     8 ||    27
       Dagger            |    48 |       ||    48
       Halberd           |    20 |   100 ||   120
       Quarterstaff      |    14 |       ||    14
       Short sword       |     5 |       ||     5
 Cast: Summon Small Mamm |    19 |       ||    19
       Call Canine Famil |     3 |    11 ||    14
 Stab: Sleeping          |     7 |     7 ||    14
       Distracted        |     1 |       ||     1
  Eat: Chunk             |     4 |     4 ||     8
       Ration            |       |     1 ||     1
Armor: Robe              |    23 |     1 ||    24
       Leather armour    |       |    31 ||    31
Dodge: Dodged            |   110 |    80 ||   190

Table legend:
 A = Non-vault XP
 B = Vault XP
 C = Vault XP percentage of total XP
 D = Non-vault monster count
 E = Vault monster count
 F = Vault count percentage of total count
                 A         B        C        D         E       F
            +---------+---------+-------+---------+---------+-------
      Total |     417 |      58 |  12.2 |      80 |       8 |   9.1
            +---------+---------+-------+---------+---------+-------
        D:1 |      34 |       3 |   8.1 |      25 |       2 |   7.4
        D:2 |      25 |       0 |   0.0 |      13 |       0 |   0.0
        D:3 |      65 |      36 |  35.6 |      19 |       4 |  17.4
        D:4 |     150 |       1 |   0.7 |      17 |       1 |   5.6
        D:5 |     143 |      18 |  11.2 |       6 |       1 |  14.3
            +---------+---------+-------+---------+---------+-------
